 Dungeon Crawl Stone Soup version 0.29-a0-459-g97dee8cd24 (webtiles) character file.

Game seed: 11913470545787790532

6838 happo123 the Covert (level 11, -5/76 HPs)
             Began as a Djinni Earth Elementalist on May 20, 2022.
             Was a Believer of Dithmenos.
             Killed by divine providence
             ... invoked by a meliai
              (16 damage)
             ... on level 9 of the Dungeon.
             The game lasted 00:59:22 (7420 turns).

happo123 the Covert (Djinni Earth Elementalist)     Turns: 7420, Time: 00:59:23

Health: -5/76      AC: 10    Str: 11    XL:     11   Next: 26%
Gold:   499        EV: 18    Int: 21    God:    Dithmenos [**....] SH:  5 Dex: 26

rFire   + + .      SeeInvis .   S - staff of earth
rCold   x . .      Faith    .   (no shield)
rNeg    . . .      Spirit   .   g - +3 leather armour of Mepram {Str+4 Slay+3}
rPois   ∞          Reflect  +   F - +0 helmet
rElec   .          Harm     .   k - +0 cloak
rCorr   .          Rampage  .   O - +0 pair of gloves
Will    +....                   (boots unavailable)
Stlth   +++++.....              h - amulet of reflection
HPRegen 0.22/turn               p - +6 ring of dexterity
MPRegen 0.00/turn               t - +6 ring of dexterity

@: flying, wreathed by umbra
A: sickness immunity, fire resistance 2, cold vulnerability 1, float, innate
caster, HP casting, extra vitality 1
a: Renounce Religion, Shadow Step


You were on level 9 of the Dungeon.
You worshipped Dithmenos.
Dithmenos was pleased with you.
You visited 2 branches of the dungeon, and saw 10 of its levels.
You also visited: Sewer.

You collected 499 gold pieces.

Inventory:

Hand Weapons
 b - the +7 great mace "Firestarter" {inner flame, rF++}
   (You found it on level 8 of the Dungeon)

   It burns those it strikes, dealing additional fire damage.
   It fills those it strikes with an explosive inner flame.
   It grants immunity to clouds of flame.
   rF:        It greatly protects you from fire.
 d - a +1 dagger of venom
 j - a +4 quarterstaff of chaos
Missiles
 a - 243 stones
Armour
 g - the +3 leather armour of Mepram (worn) {Str+4 Slay+3}
   (You found it on level 8 of the Dungeon)

   Str:       It affects your strength (+4).
   Slay:      It affects your accuracy & damage with ranged weapons and melee
   (+3).
 k - a +0 cloak (worn)
 F - a +0 helmet (worn)
 O - a +0 pair of gloves (worn)
Magical Staves
 S - a staff of earth (weapon)
Jewellery
 h - an amulet of reflection (around neck)
 p - a +6 ring of dexterity (left hand)
 t - a +6 ring of dexterity (right hand)
 x - a ring of ice
 N - a ring of see invisible
Wands
 n - a wand of mindburst (17)
 y - a wand of charming (15)
 D - a wand of polymorph (6)
 J - a wand of acid (7)
 K - a wand of iceblast (4)
 Q - a wand of flame (20)
Scrolls
 e - 4 scrolls of identify
 i - a scroll of magic mapping {unknown}
 o - 2 scrolls of teleportation {unknown}
 r - a scroll of enchant weapon {unknown}
 s - a scroll of silence {unknown}
 B - a scroll of immolation {unknown}
 C - 2 scrolls of torment {unknown}
 I - 4 scrolls of fear
 L - a scroll of enchant armour {unknown}
 T - a scroll of brand weapon {unknown}
Potions
 c - 3 potions of ambrosia
 f - 2 potions of attraction {unknown}
 m - a potion of heal wounds {unknown}
 q - 4 potions of curing
 u - 2 potions of lignification {unknown}
 w - a potion of berserk rage {unknown}
 z - 5 potions of might
 E - a potion of cancellation {unknown}
 G - a potion of degeneration {unknown}
 H - 2 potions of invisibility {unknown}
 M - a potion of flight {unknown}
 R - 3 potions of haste


   Skills:
 + Level 6.0 Fighting
 + Level 6.1 Armour
 + Level 7.2 Dodging
 * Level 8.3 Stealth
 * Level 7.3 Spellcasting


You had one spell level left.
You knew the following spells:

 Your Spells              Type           Power      Damage    Failure   Level
a - Sandblast             Erth           100%       2d20      1%          1
b - Passwall              Tmut/Erth      45%        N/A       1%          2
c - Stone Arrow           Conj/Erth      100%       3d13      1%          3
d - Petrify               Tmut/Erth      55%        N/A       5%          4
e - Summon Small Mammal   Summ           100%       N/A       1%          1
f - Scorch                Fire           76%        2d9       1%          2
g - Static Discharge      Conj/Air       38%        N/A       1%          2
h - Ignite Poison         Fire/Tmut/Pois 38%        N/A       1%          3
i - Lee's Rapid Deconstr  Erth           27%        3d16*     16%         5
Your spell library was empty.

Dungeon Overview and Level Annotations

Branches:
Dungeon (9/15)             Temple (1/1) D:7           Sewer (visited)
   Lair: D:8-11         Orc: D:9-12

Altars:
Ashenzari
Cheibriados
Dithmenos
Elyvilon
Fedhas
Gozag
Hepliaklqana
Kikubaaqudgha
Makhleb
Nemelex Xobeh
Okawaru
Qazlal
Ru
Sif Muna
Trog
Uskayaw
Vehumet
Wu Jian
Xom
Yredelemnul
Zin
The Shining One

Shops:
D:6 :   D:8 (


Innate Abilities, Weirdness & Mutations

You are immune to sickness and miasma.
You are immune to poison.
Your flesh is very heat resistant. (rF++)
You are vulnerable to cold. (rC-)
You float through the air rather than walking.
You learn spells naturally, not from books.
Your magical power is your life essence.
You have superior vitality. (+4 MHP)


Message History

You feel a surge of power!
The blast of sand hits the yak!!
You kill the yak!
Dithmenos accepts your kill.
a - 245 stones
* * * LOW HITPOINT WARNING * * *
You start resting.
Your magical contamination has completely faded away.
You start resting.
A yak is nearby!
Aiming: Stone Arrow (safe; 1% risk of failure)
Press: ? - help, Q - select action, (/) - cycle Shift-Dir - straight line, f - yak
Aim: a yak (87% to hit)
You feel a surge of power!
The stone arrow hits the yak!!
The yak is severely wounded.
* * * LOW HITPOINT WARNING * * *
Casting: Stone Arrow (safe; 1% risk of failure)
Confirm with . or Enter, or press ? or * to list all spells.
Aiming: Sandblast (safe; 1% risk of failure)
Press: ? - help, Shift-Dir - straight line, f/p - yak
Aim: a yak (severely wounded, 90% to hit)
You feel a surge of power!
The blast of sand hits the yak!
The yak is almost dead.
a - 244 stones
* * * LOW HITPOINT WARNING * * *
Casting: Sandblast (safe; 1% risk of failure)
Confirm with . or Enter, or press ? or * to list all spells.
Aiming: Sandblast (safe; 1% risk of failure)
Press: ? - help, Shift-Dir - straight line, f/p - yak
Aim: a yak (almost dead, umbra, 90% to hit)
You feel a surge of power!
The blast of sand hits the yak!
You kill the yak!
Dithmenos accepts your kill.
a - 243 stones
* * * LOW HITPOINT WARNING * * *
You start resting.
A yak is nearby!
A meliai comes into view. It is wielding a +0 war axe.
The meliai mumbles some strange prayers to its god against you.
Something smites you!
You die...

#.............#
#.............#
...............#
...........y....#
.................#
.................#
######........##
#.........#
#@........#
#.........#
#.........#
#.÷.......# ######
#+##.##########
.......
#.............#
....Y..
#.............#
.......
#.............+
......
#.............#


You could see a meliai.

Vanquished Creatures
  The ghost of Gelos the Grappler, a novice VSMo (D:7)
  Pikel (D:7)
  Psyche (D:8)
  Prince Ribbit (D:7)
  The ghost of dabmancer the Magician, an amateur OpWz of Yredelemnul (D:4)
  A wraith (D:9)
  11 yaks (D:9)
  The ghost of Prusik the Sneak, an amateur DsBr of Ashenzari (D:5)
  A steam dragon (D:8)
  Menkaure (D:7)
  An acid dragon (D:8)
  A water moccasin (D:8)
  A sky beast (D:8)
  An ice beast (D:6)
  A black bear (D:7)
  2 ogres
  3 lemures (D:7)
  2 centaurs (D:7)
  A phantom (D:6)
  5 kobold brigands
  3 bullfrogs
  A necrophage (D:5)
  3 scorpions (D:5)
  A gnoll sergeant (D:7)
  6 wights (D:8)
  9 killer bees
  5 howler monkeys
  2 hounds
  2 jellies
  Crazy Yiuf (D:2)
  3 iguanas
  A hell rat (Sewer)
  A river rat (D:4)
  12 adders
  4 gnolls (D:7)
  A white imp (D:7)
  3 worms
  A dart slug (D:3)
  5 orcs
  3 bats
  5 endoplasms
  5 giant cockroaches
  5 goblins
  3 hobgoblins
  2 jackals (D:2)
  A quokka (D:3)
  7 ball pythons
  2 frilled lizards
  29 kobolds
  9 rats
  A toadstool (D:4)
174 creatures vanquished.

Vanquished Creatures (collateral kills)
  A jackal (D:2)
1 creature vanquished.

Vanquished Creatures (others)
  A kobold (D:8)
  A kobold zombie (D:7)
  2 fungi (D:4)
  2 plants (D:5)
  4 toadstools (D:4)
10 creatures vanquished.

Grand Total: 185 creatures vanquished

Notes
Turn   | Place    | Note
-------+----------+-------------------------------------------
     0 | D:1      | happo123 the Djinni Earth Elementalist began the quest for
                  | the Orb.
     0 | D:1      | Reached XP level 1. HP: 15/15 MP: 0/0
   107 | D:1      | Reached XP level 2. HP: 13/21 MP: 0/0
   294 | D:1      | Reached skill level 2 in Stealth
   371 | D:1      | Found a faded altar of an unknown god.
   614 | D:2      | Reached XP level 3. HP: 21/26 MP: 0/0
   614 | D:2      | Learned a level 1 spell: Summon Small Mammal
   902 | D:2      | Found a runed translucent door.
   903 | D:2      | Noticed Crazy Yiuf
   913 | D:2      | Killed Crazy Yiuf
   914 | D:2      | Reached skill level 1 in Armour
   914 | D:2      | Reached XP level 4. HP: 11/31 MP: 0/0
  1035 | D:2      | Identified the +1 leather armour of Leapfrog {Fly rPois rF+
                  | rCorr}
  1200 | D:3      | Reached skill level 1 in Fighting
  1325 | D:3      | Noticed an ogre
  1335 | D:3      | Killed an ogre
  1336 | D:3      | Reached XP level 5. HP: 27/37 MP: 0/0
  1336 | D:3      | Learned a level 2 spell: Scorch
  1559 | D:3      | Reached skill level 3 in Stealth
  2139 | D:4      | Reached XP level 6. HP: 38/42 MP: 0/0
  2288 | D:4      | Found a runed translucent door.
  2296 | D:4      | Noticed dabmancer's ghost (amateur OpWz)
  2305 | D:4      | Killed dabmancer's ghost
  2306 | D:4      | Reached XP level 7. HP: 34/49 MP: 0/0
  2306 | D:4      | Learned a level 2 spell: Static Discharge
  2314 | D:4      | Found a runed translucent door.
  2433 | D:4      | Found a glowing drain.
  2447 | Sewer    | Entered a sewer
  2504 | Sewer    | Identified the +1 chain mail of Sunlight {rF+ MP+9 SInv
                  | Stlth-}
  2892 | D:5      | Entered Level 5 of the Dungeon
  2965 | D:5      | Reached skill level 4 in Stealth
  3329 | D:5      | Reached XP level 8. HP: 50/55 MP: 0/0
  3574 | D:5      | Found a runed translucent gate.
  3574 | D:5      | Found a runed translucent gate.
  3574 | D:5      | Found a runed translucent gate.
  3576 | D:5      | Noticed Prusik's ghost (amateur DsBr)
  3605 | D:5      | Killed Prusik's ghost
  4001 | D:6      | Found Kuopluil's Book Shop.
  4019 | D:6      | Reached skill level 5 in Stealth
  4366 | D:7      | Found a staircase to the Ecumenical Temple.
  4373 | Temple   | Entered the Ecumenical Temple
  4781 | Temple   | Became a worshipper of Dithmenos the Shadowed
  4869 | D:7      | Found a hide-covered altar of Uskayaw.
  4919 | D:7      | Identified the +1 leather armour of Uzutsam {Str+3}
  4994 | D:7      | Found a transporter.
  4997 | D:7      | Found a transporter.
  5007 | D:7      | Reached XP level 9. HP: 61/61 MP: 0/0
  5007 | D:7      | Learned a level 3 spell: Ignite Poison
  5020 | D:7      | Noticed Prince Ribbit
  5023 | D:7      | Killed Prince Ribbit
  5024 | D:7      | Reached skill level 5 in Dodging
  5024 | D:7      | Reached skill level 5 in Spellcasting
  5127 | D:7      | Noticed Gelos's ghost (novice VSMo)
  5543 | D:7      | Reached skill level 6 in Stealth
  5640 | D:7      | Noticed Menkaure
  5642 | D:7      | Killed Menkaure
  5650 | D:7      | Noticed Pikel
  5682 | D:7      | Killed Pikel
  5785 | D:7      | Reached XP level 10. HP: 27/69 MP: 0/0
  5865 | D:7      | Reached * piety under Dithmenos
  6111 | D:7      | Killed Gelos's ghost
  6112 | D:7      | Reached skill level 5 in Fighting
  6112 | D:7      | Reached skill level 5 in Armour
  6112 | D:7      | Reached skill level 7 in Stealth
  6341 | D:8      | Noticed Psyche
  6347 | D:8      | Killed Psyche
  6423 | D:8      | Found Pulecewn's Weapon Emporium.
  6499 | D:8      | Found the +7 great mace "Firestarter" {inner flame, rF++}
  6543 | D:8      | Identified the +3 leather armour of Mepram {Str+4 Slay+3}
  6872 | D:8      | Reached ** piety under Dithmenos
  7057 | D:9      | Reached XP level 11. HP: 48/76 MP: 0/0
  7057 | D:9      | Learned a level 5 spell: Lee's Rapid Deconstruction
  7061 | D:9      | Reached skill level 8 in Stealth
  7420 | D:9      | Killed from afar by a meliai

Illustrated notes

Levels and vault maps discovered:
D:1:      lightli_molten_gateway, layout_loops_ring,
          hellmonk_ecumenical_altar_arch_garden
D:2:      layout_rooms, uniq_crazy_yiuf_cottage
D:3:      layout_loops_corners
D:4:      layout_loops_cross, gup_sewer_entry_glass, ebering_ghost_sewer_f,
          minmay_gold_behind_fungi, kennysheep_nub
D:5:      layout_cave_pods, gammafunk_ghost_nasty_kobolds
D:6:      layout_loops_ring, serial_shops, shop
D:7:      layout_loops_corners, nicolae_uskayaw_murder_on_the_dancefloor,
          minmay_temple_entry_gardened_gates, gammafunk_ghost_hive,
          uniq_prince_ribbit1, uniq_menkaure, uniq_pikel
D:8:      layout_basic, serial_shops, nicolae_shop_behind_doors,
          nicolae_two_hexagons, kennysheep_generic_room_5, uniq_psyche
D:9:      layout_grid_maze, solitary_fountain, minivault_25_ag
Temple:   mainiacjoe_temple_circle_huts

Skill      XL: |  1  2  3  4  5  6  7  8  9 10 11 |
---------------+----------------------------------+-----
Stealth        | 2 3 4 5 6 7 8 |  8.3
Armour         | 1 2 3 4 5 6 |  6.1
Fighting       | 1 2 3 4 5 6 |  6.0
Dodging        | 3 4 5 6 7 |  7.2
Spellcasting   | 3 4 5 6 7 |  7.3

Action                   |  1- 3 |  4- 6 |  7- 9 | 10-12 || total
-------------------------+-------+-------+-------+-------++-------
Melee: Dagger            |    16 |       |       |       ||    16
       Quarterstaff      |       |    10 |    75 |       ||    85
       Staff             |       |       |       |    22 ||    22
 Cast: Sandblast         |    35 |    26 |     8 |    33 ||   102
       Summon Small Mamm |     4 |     1 |     1 |     2 ||     8
       Stone Arrow       |       |     4 |    36 |    33 ||    73
       Scorch            |       |    10 |    26 |     9 ||    45
       Static Discharge  |       |       |    14 |    23 ||    37
  Use: Scroll            |       |       |     4 |     1 ||     5
 Stab: Sleeping          |       |       |     7 |     1 ||     8
       Petrifying        |       |       |     1 |       ||     1
Armor: Robe              |     5 |       |       |       ||     5
       Leather armour    |       |     7 |    22 |    17 ||    46
Dodge: Dodged            |    16 |    11 |    75 |    54 ||   156
Block: Other             |     2 |     4 |    20 |    23 ||    49
       Reflection        |       |       |     1 |     2 ||     3

Table legend: (Time is in decaauts)
 A = Elapsed time spent in this place.
 B = Non-inter-level travel time spent in this place.
 C = Inter-level travel time spent in this place.
 D = Time resting spent in this place.
 E = Time spent auto-exploring this place.
 F = Levels seen in this place.
 G = Mean time per level.
                   A        B        C        D        E       F      G
               +--------+--------+--------+--------+--------+-----+--------+
         Total |   7445 |   4213 |   3232 |    694 |   2119 |  11 |  676.8 |
       Dungeon |   6799 |   3670 |   3129 |    694 |   1715 |   9 |  755.4 |
        Temple |    429 |    326 |    103 |      0 |    306 |   1 |  429.0 |
         Sewer |    216 |    216 |      0 |      0 |     98 |   1 |  216.0 |
               +--------+--------+--------+--------+--------+-----+--------+

Top non-repeatable levels by time:
     D:7: 1541 daAuts
     D:5: 859 daAuts
     D:3: 850 daAuts
     D:8: 688 daAuts
     D:4: 655 daAuts
     D:6: 621 daAuts
     D:1: 610 daAuts
     D:2: 564 daAuts
  Temple: 429 daAuts
     D:9: 408 daAuts
   Sewer: 216 daAuts
